 Dungeon Crawl Stone Soup version 0.27-a0-1431-gcffa5a9b16 (webtiles) character file.

Game seed: 9089738735375014392

6745 flotson the Covert (level 11, 0/77 HPs)
             Began as an Octopode Brigand on July 3, 2021.
             Slain by a wyvern (3 damage)
             ... on level 8 of the Dungeon.
             The game lasted 00:25:44 (11055 turns).

flotson the Covert (Octopode Brigand)              Turns: 11055, Time: 00:25:45

Health: 0/77       AC:  1    Str: 10    XL:     11   Next: 4%
Magic:  11/11      EV: 15    Int: 14    God:
Gold:   544        SH: 12    Dex: 23    Spells: 10/10 levels left

rFire    . . .     SeeInvis .   a - +10 flail "Killer Bee's Bane" {pain, Fly rPois Str-3 Dex+9}
rCold    . . .     Faith    .   u - +0 tower shield
rNeg     . . .     Spirit   .   (helmet restricted)
rPois    +         Reflect  .   (no amulet)
rElec    .         Harm     .   e - ring of willpower
rCorr    .         Rampage  .   y - ring of willpower
Will     ++...                  (no ring)
Stlth    ++++++....             (no ring)
HPRegen  0.22/turn              (no ring)
MPRegen  0.12/turn              (no ring)
                                (no ring)
                                (no ring)

@: flying
A: almost no armour, amphibious, 8 rings, camouflage 1, gelatinous body 1,
(nimble swimmer 1), tentacles
a: no special abilities


You were on level 8 of the Dungeon.
You visited 2 branches of the dungeon, and saw 10 of its levels.
You also visited: Bailey.

You collected 607 gold pieces.
You spent 63 gold pieces at shops.

Inventory:

Hand Weapons
 a - the +10 flail "Killer Bee's Bane" (weapon) {pain, Fly rPois Str-3 Dex+9}
   (You took it off an orc wizard on level 8 of the Dungeon)

   In the hands of one skilled in necromantic magic, it inflicts extra damage on
   living creatures.
   Str:       It affects your strength (-3).
   Dex:       It affects your dexterity (+9).
   rPois:     It protects you from poison.
   Fly:       It grants you flight.
 b - a +0 fustibalus
 n - a +2 scimitar of flaming
Missiles
 c - 8 curare-tipped darts (quivered)
 f - 35 poisoned darts
 g - 3 datura-tipped darts
 v - 6 javelins
 B - 16 boomerangs
 C - 11 sling bullets
Armour
 u - a +0 tower shield (worn)
Jewellery
 e - a ring of willpower (left tentacle)
 y - a ring of willpower (right tentacle)
Wands
 D - a wand of charming (8)
Scrolls
 d - 3 scrolls of amnesia {unknown}
 h - 4 scrolls of enchant weapon {unknown}
 j - 5 scrolls of teleportation
 m - a scroll of immolation {unknown}
 o - 2 scrolls of brand weapon {unknown}
 p - a scroll of magic mapping {unknown}
 r - 3 scrolls of vulnerability {unknown}
 s - 2 scrolls of acquirement {unknown}
 w - 6 scrolls of summoning
Potions
 i - a potion of flight
 k - 3 potions of haste
 l - 2 potions of lignification
 q - 2 potions of curing
 t - a potion of brilliance
 x - a potion of ambrosia
 z - 2 potions of might
 A - 3 potions of heal wounds
 E - a potion of berserk rage


   Skills:
 + Level 8.1 Fighting
 - Level 2.0 Short Blades
 + Level 1.7 Maces & Flails
 + Level 8.1 Throwing
 + Level 7.9 Dodging
 + Level 12.0 Stealth
 + Level 1.8 Shields
 + Level 4.5 Evocations


You had 10 spell levels left.
You didn't know any spells.
Your spell library contained the following spells:

 Spells                   Type           Power      Damage    Failure   Level
 Animate Skeleton         Necr           0%         N/A       99%         1
 Corona                   Hex            0%         N/A       99%         1
 Foxfire                  Conj/Fire      0%         2x1d4     99%         1
 Pain                     Necr           0%         1d4       99%         1
 Ensorcelled Hibernation  Hex/Ice        0%         N/A       100%        2
 Conjure Flame            Conj/Fire      0%         6-21      100%        3
 Dazzling Flash           Conj/Hex       0%         N/A       100%        3
 Gell's Gravitas          Tloc           0%         N/A       100%        3
 Inner Flame              Hex/Fire       0%         N/A       100%        3
 Lesser Beckoning         Tloc           0%         N/A       100%        3
 Stone Arrow              Conj/Erth      0%         3d7       100%        3
 Teleport Other           Tloc           0%         N/A       100%        3
 Tukima's Dance           Hex            0%         N/A       100%        3
 Vampiric Draining        Necr           0%         2d6       100%        3
 Passage of Golubria      Tloc           N/A        N/A       100%        4
 Agony                    Necr           0%         N/A       100%        5
 Bolt of Magma            Conj/Fire/Erth 0%         4d4       100%        5
 Freezing Cloud           Conj/Ice/Air   0%         6-21      100%        5
 Silence                  Hex/Air        0%         N/A       100%        5
 Yara's Violent Unravell  Hex/Tmut       0%         3d3       100%        5
 Simulacrum               Ice/Necr       0%         N/A       100%        6
 Polar Vortex             Ice            0%         N/A       100%        9
 Shatter                  Erth           0%         3d5*      100%        9


Dungeon Overview and Level Annotations

Branches:
Dungeon (9/15)             Temple (1/1) D:4            Lair (0/6) D:8
 Bailey (visited)
    Orc: D:9-12

Altars:
Ashenzari
Cheibriados
Dithmenos
Elyvilon
Fedhas
Hepliaklqana
Kikubaaqudgha
Makhleb
Nemelex Xobeh
Okawaru
Qazlal
Ru
Sif Muna
Trog
Uskayaw
Vehumet
Wu Jian
Xom
Yredelemnul
Zin
The Shining One
Jiyva

Shops:
D:2 !   D:4 *   D:7 (


Innate Abilities, Weirdness & Mutations

You cannot wear most types of armour.
You are amphibious.
You can wear up to eight rings at the same time.
Your skin changes colour to match your surroundings (Stealth+).
Your rubbery body absorbs attacks. (AC +1, EV +1)
((You are camouflaged near water. (Stealth+)))
You have tentacles for arms and can constrict up to eight enemies at once.


Message History

The two-headed ogre is wielding a +0 giant club and a +1 dire flail of protection.
The centaur shouts!
The wyvern hisses angrily.
The gnoll shaman shouts!
The acid dragon roars!
The two-headed ogre shouts in stereo!
The centaur shouts!
You hear a shout!
The centaur wields a +0 shortbow.
The centaur shoots an arrow.
The arrow hits you!
The centaur wields a +0 shortbow.
The centaur shoots an arrow.
You block the arrow. You block the wyvern's attack. The wyvern bites you.
You reach down and open the door.
The wyvern bites you! The wyvern bites you.
There is an open door here.
You block the wyvern's attack.
The centaur shoots an arrow.
The arrow hits you! The wyvern misses you.
The centaur shoots an arrow.
You block the arrow.
The centaur shoots an arrow.
The arrow hits you! You block the wyvern's attack.
The centaur shoots an arrow.
The arrow barely misses you. The wyvern bites you!
* * * LOW HITPOINT WARNING * * *
The wyvern misses you.
The centaur shoots an arrow.
You block the arrow. You block the wyvern's attack.
You block the wyvern's attack.
The centaur shoots an arrow.
You block the arrow. You block the wyvern's attack. The wyvern misses you.
The centaur shoots an arrow.
The arrow hits you!
* * * LOW HITPOINT WARNING * * *
There is a stone staircase leading up, spattered with blood here.
The wyvern closely misses you. x2
You fly upwards.
There is a stone staircase leading down here.
You hit the wyvern. Your squeeze misses the wyvern.
The wyvern is lightly wounded.
You block the wyvern's attack. x2
You completely miss the wyvern. You squeeze the wyvern!
The wyvern is heavily wounded.
The wyvern barely misses you. The wyvern bites you!
* * * LOW HITPOINT WARNING * * *
The wyvern bites you.
You die...

###.....#.#...#.#......#.##.#.##.
.#......#.....#.###.......##.#.##
........#...[....###.......##[#.#
......#####.#)..####........##.#.
....### #.#.#..#....<......##.#
#.### ####................##. #.#
#..........#........## ###
#<..l......#.........#
###..@...#.รท...)...###
###.....###........###
#....#...###.##....##. ##...#...#
######...#. #####..## ##.....
#### #....#. ###..## #.## ###


You could see a wyvern.

Vanquished Creatures
  Erica (D:8)
  3 orc knights (Bailey)
  Psyche (D:9)
  A wyvern (D:9)
  The ghost of EonDragon20 the Ducker, an amateur FeBe of Trog (D:5)
  A steam dragon (D:7)
  An acid dragon (D:9)
  2 water moccasins (D:8)
  11 orc warriors
  2 necrophages
  4 ogres
  A black bear (D:7)
  A centaur (D:9)
  A kobold brigand (D:6)
  2 bullfrogs
  2 wyvern zombies (D:8)
  A water moccasin zombie (D:5)
  4 scorpions
  3 water moccasin skeletons
  4 wights
  2 howler monkeys
  2 bullfrog zombies (D:6)
  7 centaur zombies
  A human zombie (D:8)
  A bullfrog skeleton (D:4)
  3 hounds
  3 orc priests
  A gnoll shaman (D:7)
  3 jellies
  2 centaur skeletons
  8 orc wizards
  3 iguanas
  2 killer bee zombies (D:8)
  2 mummies
  2 howler monkey zombies
  4 adders
  4 gnolls (D:7)
  2 white imps
  An ufetubus (D:6)
  A worm (D:4)
  34 orcs
  8 ball pythons
  10 endoplasms
  A giant cockroach (D:3)
  10 goblins
  4 hobgoblins
  7 kobolds
  4 quokkas
  4 bats
  4 frilled lizards
  3 rats
190 creatures vanquished.

Vanquished Creatures (collateral kills)
  7 orcs (Bailey)
7 creatures vanquished.

Vanquished Creatures (others)
  2 orc warriors (Bailey)
  An orc (D:7)
3 creatures vanquished.

Grand Total: 200 creatures vanquished

Notes
Turn   | Place    | Note
-------+----------+-------------------------------------------
     0 | D:1      | flotson the Octopode Brigand began the quest for the Orb.
     0 | D:1      | Reached XP level 1. HP: 14/14 MP: 1/1
   116 | D:1      | Reached XP level 2. HP: 19/19 MP: 2/2
   571 | D:1      | Found a faded altar of an unknown god.
   754 | D:2      | Reached XP level 3. HP: 22/25 MP: 3/3
  1332 | D:2      | Found Ciups's Distillery.
  1595 | D:3      | Found a sacrificial altar of Ru.
  1597 | D:3      | Reached XP level 4. HP: 30/30 MP: 4/4
  1777 | D:3      | Noticed an ogre
  1785 | D:3      | Reached skill level 6 in Stealth
  1789 | D:3      | Killed an ogre
  1790 | D:3      | Reached XP level 5. HP: 30/36 MP: 5/5
  2464 | D:4      | Found a staircase to the Ecumenical Temple.
  2472 | Temple   | Entered the Ecumenical Temple
  2598 | D:4      | Reached XP level 6. HP: 38/42 MP: 6/6
  2763 | D:4      | You fall into a shaft and drop 3 floors!
  2786 | D:7      | Reached skill level 7 in Stealth
  2842 | D:7      | Found a broken altar of Ashenzari.
  3122 | D:6      | Identified the +9 quarterstaff "Hell-Harrower" {speed,
                  | Int+6}
  3134 | D:5      | Entered Level 5 of the Dungeon
  3222 | D:4      | Reached XP level 7. HP: 43/47 MP: 7/7
  3365 | D:4      | Found Faemoree's Assorted Antiques.
  3375 | D:4      | Bought a scroll labelled HUSTRE NICUTO for 22 gold pieces
  3375 | D:4      | Bought a black potion for 19 gold pieces
  3375 | D:4      | Bought a scroll labelled GAUHEQ JEJU for 22 gold pieces
  3401 | D:4      | Found a shimmering altar of Xom.
  3602 | D:4      | Found a snail-covered altar of Cheibriados.
  3808 | D:5      | Found the +3 robe of Clouds {+Thunder rCloud rElec}
  3826 | D:5      | Reached skill level 8 in Stealth
  3838 | D:5      | Reached XP level 8. HP: 31/54 MP: 8/8
  4095 | D:5      | Found a stormy altar of Qazlal.
  4193 | D:5      | Reached skill level 5 in Fighting
  4193 | D:5      | Reached skill level 5 in Throwing
  4241 | D:5      | Found a runed translucent door.
  4243 | D:5      | Noticed EonDragon20's ghost (amateur FeBe)
  4250 | D:5      | Killed EonDragon20's ghost
  4561 | D:6      | Reached skill level 5 in Dodging
  4561 | D:6      | Reached skill level 9 in Stealth
  5250 | D:6      | Reached XP level 9. HP: 25/62 MP: 9/9
  6321 | D:7      | Reached skill level 10 in Stealth
  7017 | D:7      | Found a hide-covered altar of Uskayaw.
  7398 | D:7      | Found Paoghin's Weapon Shoppe.
  7566 | D:8      | Found a staircase to the Lair.
  7659 | D:8      | Noticed Erica
  7692 | D:8      | Identified the +10 flail "Killer Bee's Bane" {pain, Fly
                  | rPois Str-3 Dex+9}
  7730 | D:8      | Found a flagged portal.
  7739 | Bailey   | Entered a bailey
  7839 | Bailey   | Reached skill level 1 in Evocations
  8167 | Bailey   | Reached XP level 10. HP: 36/71 MP: 10/10
  8187 | Bailey   | Reached skill level 11 in Stealth
  8539 | Bailey   | Noticed an orc knight
  8716 | Bailey   | Noticed an orc knight
  8734 | Bailey   | Noticed an orc knight
  8739 | Bailey   | Killed an orc knight
  8754 | Bailey   | Killed an orc knight
  8813 | Bailey   | Killed an orc knight
  9254 | D:8      | Found a shimmering blue altar of Sif Muna.
  9626 | D:8      | Found an ancient bone altar of Kikubaaqudgha.
  9830 | D:8      | Found an ornate altar of the Wu Jian Council.
  9962 | D:8      | Killed Erica
  9963 | D:8      | Reached skill level 1 in Maces & Flails
  9963 | D:8      | Reached skill level 1 in Shields
 10631 | D:9      | Reached skill level 12 in Stealth
 10825 | D:9      | Found a radiant altar of Vehumet.
 10841 | D:9      | Noticed Psyche
 10851 | D:9      | Killed Psyche
 10852 | D:9      | Reached XP level 11. HP: 77/77 MP: 11/11
 11027 | D:9      | Noticed a two-headed ogre
 11055 | D:8      | HP: 3/77 [wyvern (12)]
 11055 | D:8      | Slain by a wyvern

Illustrated notes

Levels and vault maps discovered:
D:1:      ncdulo_halloftheorcs, layout_rooms,
          hellmonk_ecumenical_altar_heavens_door
D:2:      layout_basic, serial_shops, nicolae_shop_crystal, serial_park_tiny_2
D:3:      layout_basic, amcnicky_altar_gilded, minmay_misc_feat_ornament
D:4:      layout_rooms, lemuel_doored_altar, slow_altar_2,
          minmay_temple_entry_slanted, serial_shops, shop, kennysheep_nub,
          skrybe_limestone_x, minmay_bisected
D:5:      layout_gridville, kennysheep_mini_moat, gammafunk_ghost_grave
D:6:      layout_loops_corners
D:7:      layout_loops_cross, ashenzari_altar_1, eat_drink_and_be_merry_uskayaw,
          serial_shops, shop
D:8:      minmay_inner_zag, layout_cave_pools, tgw_sif,
          nicolae_overflow_hidden_temple, lemuel_mausoleum_altar_kikubaaqudgha,
          enter_bailey_2, uniq_erica
D:9:      layout_stronghold, nicolae_vehumet_radiance, minmay_pinched_square,
          uniq_psyche, uniq_grum
Temple:   pf_slimified_temple

Skill      XL: |  1  2  3  4  5  6  7  8  9 10 |
---------------+-------------------------------+-----
Dodging        | 2 3 4 5 6 7 |  7.9
Stealth        | 6 7 8 9 10 12 | 12.0
Fighting       | 3 4 5 7 8 |  8.1
Throwing       | 3 4 5 7 8 |  8.1
Evocations     | 1 4 |  4.5
Maces & Flails | 1 |  1.7
Shields        | 1 |  1.8
Short Blades   | |  2.0

Action                   |  1- 3 |  4- 6 |  7- 9 | 10-12 || total
-------------------------+-------+-------+-------+-------++-------
Melee: Dagger            |    26 |       |       |       ||    26
       Tentacles         |     2 |    16 |    39 |    22 ||    79
       Constrict         |     6 |    13 |    38 |    12 ||    69
       Spear             |    28 |    69 |       |       ||    97
       Quarterstaff      |       |     7 |   195 |    42 ||   244
       Flail             |       |       |       |    36 ||    36
 Fire: Fustibalus        |       |       |    18 |    30 ||    48
Throw: Dart              |       |       |    13 |    36 ||    49
       Javelin           |       |       |    10 |    14 ||    24
       Boomerang         |       |       |     7 |       ||     7
Evoke: Wand              |       |       |     2 |     2 ||     4
  Use: Potion            |       |     1 |     3 |     4 ||     8
       Scroll            |       |       |     6 |     1 ||     7
 Stab: Sleeping          |     7 |    19 |    12 |    10 ||    48
       Distracted        |       |     1 |     1 |     1 ||     3
Armor: Skin              |     2 |     2 |     6 |     7 ||    17
Dodge: Dodged            |    30 |    28 |    97 |    73 ||   228
Block: Tower shield      |       |       |       |    44 ||    44

Table legend: (Time is in decaauts)
 A = Elapsed time spent in this place.
 B = Non-inter-level travel time spent in this place.
 C = Inter-level travel time spent in this place.
 D = Time resting spent in this place.
 E = Time spent auto-exploring this place.
 F = Levels seen in this place.
 G = Mean time per level.
                   A        B        C        D        E       F      G
               +--------+--------+--------+--------+--------+-----+--------+
         Total |  11057 |  10568 |    489 |    464 |   8405 |  11 | 1005.2 |
       Dungeon |   9462 |   8992 |    470 |    377 |   7292 |   9 | 1051.3 |
        Temple |    103 |     84 |     19 |      0 |     84 |   1 |  103.0 |
        Bailey |   1490 |   1490 |      0 |     87 |   1029 |   1 | 1490.0 |
               +--------+--------+--------+--------+--------+-----+--------+

Top non-repeatable levels by time:
     D:6: 2281 daAuts
  Bailey: 1490 daAuts
     D:8: 1449 daAuts
     D:7: 1180 daAuts
     D:3: 859 daAuts
     D:2: 848 daAuts
     D:5: 831 daAuts
     D:1: 743 daAuts
     D:4: 709 daAuts
     D:9: 558 daAuts
  Temple: 103 daAuts
